 Dungeon Crawl Stone Soup version 0.19.0-19-g8c6edcc (webtiles) character file.

1117 Minion the Changer (level 8, 0/68 HPs)
             Began as a Troll Transmuter on Nov 12, 2016.
             Was a Believer of Sif Muna.
             Slain by Edmund
             ... wielding a +3 flail of draining
              (5 damage)
             ... on level 5 of the Dungeon.
             The game lasted 00:15:22 (3199 turns).

Minion the Changer (Troll Transmuter)               Turns: 3199, Time: 00:15:22

Health: 0/68       AC:  5    Str: 19    XL:     8   Next: 12%
Magic:  13/13      EV:  9    Int: 11    God:    Sif Muna [**....]
Gold:   326        SH:  0    Dex: 13    Spells: 2 memorised, 11 levels left

rFire  . . .     SeeInvis .     x - +8 spear of Corporal Punishment {freeze, rC+ MR- Dex+3}
rCold  + . .     Gourm    +     b - +0 robe
rNeg   . . .     Faith    .     (no shield)
rPois  .         Spirit   .     (helmet restricted)
rElec  .         Reflect  .     (no cloak)
rCorr  .         Harm     .     (gloves unavailable)
MR     .....                    (boots unavailable)
Stlth  +.........               (no amulet)
                                (no ring)
                                (no ring)

@: very heavily drained
A: unfitting armour, claws 3, fast metabolism 3, gourmand, regeneration 1,
shaggy fur 1, tough skin 2
a: Divine Energy, Renounce Religion


You were on level 5 of the Dungeon.
You worshipped Sif Muna.
Sif Muna was pleased with you.
You were completely stuffed.

You visited 1 branch of the dungeon, and saw 5 of its levels.

You collected 326 gold pieces.

Inventory:

Hand Weapons
 x - the +8 spear of Corporal Punishment (weapon) {freeze, rC+ MR- Dex+3}
   (You found it on level 5 of the Dungeon)

   It has been specially enchanted to freeze those struck by it, causing extra
   injury to most foes and up to half again as much damage against particularly
   susceptible opponents.
   It can also slow down cold-blooded creatures.
   It affects your dexterity (+3).
   It protects you from cold.
   It affects your resistance to hostile enchantments.
 z - a +0 giant spiked club
Missiles
 a - 48 arrows
Armour
 b - a +0 robe (worn)
Wands
 k - a wand of random effects (29/48)
Scrolls
 l - a scroll of immolation {unknown}
 n - a scroll of fear {unknown}
 o - a scroll of fog {unknown}
 p - 2 scrolls of identify {unknown}
 q - 2 scrolls of amnesia {unknown}
 t - 2 scrolls of magic mapping {unknown}
 u - a scroll of teleportation {unknown}
 v - 5 scrolls of remove curse {unknown}
 y - a scroll of summoning {unknown}
Potions
 e - a potion of might {unknown}
 h - 4 potions of curing {unknown}
 i - a potion of brilliance {unknown}
 j - 2 potions of heal wounds {unknown}
 r - a potion of degeneration {unknown}
 s - a potion of resistance {unknown}
 w - a potion of ambrosia {unknown}
Books
 c - a book of Changes

   Spells                             Type                      Level
   a - Beastly Appendage              Transmutation                1
   b - Sticks to Snakes               Transmutation                2
   c - Spider Form                    Transmutation/Poison         3
   d - Ice Form                       Ice/Transmutation            4
   e - Blade Hands                    Transmutation                5
Comestibles
 d - 5 bread rations
 f - 5 meat rations
 g - a slice of pizza
 m - 3 beef jerkies
 A - a chunk of flesh


   Skills:
 - Level 0.7(0.0) Fighting
 + Level 2.6(0.0) Polearms
 - Level 1.5(0.0) Dodging
 - Level 3.0(0.0) Unarmed Combat
 - Level 4.0(0.6) Spellcasting
 - Level 5.0(1.5) Transmutations


You had 11 spell levels left.
You knew the following spells:

 Your Spells              Type           Power        Failure   Level  Hunger
a - Beastly Appendage     Tmut           #.....       21%         1    ##.....
b - Spider Form           Tmut/Pois      #.........   83%         3    ####...


Dungeon Overview and Level Annotations

Branches:
Dungeon (5/15)             Temple (0/1) D:4

Altars:
Fedhas
Makhleb
Ru
Sif Muna

Shops:
D:4 *

Annotations:
D:5 Edmund, Grinder


Innate Abilities, Weirdness & Mutations

You are too large for most types of armour.
You have claws for hands.
Your metabolism is lightning-fast.
You like to eat raw meat.
Your natural rate of healing is unusually fast.
You are covered in fur. (AC +1)
You have very tough skin. (AC +2)


Message History

Okay, then.
You hit Edmund but do no damage.
Edmund is almost dead.
Edmund hits you with a flail of draining!
* * * LOW HITPOINT WARNING * * *
You feel drained.
* * * LOW HITPOINT WARNING * * *
There isn't anything here!
There isn't anything here!
Casting: Spider Form
Confirm with . or Enter, or press ? or * to list all spells.
The spell is very dangerous to cast!
Continue anyway?
Okay, then.
Casting: Spider Form
Confirm with . or Enter, or press ? or * to list all spells.
Okay, then.
You closely miss Edmund.
Edmund is almost dead.
Edmund hits you with a flail of draining.
You die...

########
#######......#
#....@@5.....# ##
#.#####......# #.
#####...#........#
#.
#.....#.#........#
#.
###.#.#.#$...%.###
#. #.#.#...P.P..#
###.
#.#.#...._.....
.......
#.#.#...P.P.####
#####..
#.#.#........ #..


You could see Edmund and Grinder.

Vanquished Creatures
  Sigmund (D:2)
  Duvessa (D:5)
  A sky beast (D:5)
  An ogre (D:5)
  A centaur (D:5)
  A bullfrog (D:4)
  Dowan (D:5)
  A crimson imp (D:5)
  3 hounds
  3 orc wizards
  A centaur skeleton (D:4)
  3 worker ants (D:5)
  Terence (D:2)
  A worker ant zombie (D:5)
  4 adders
  A shadow imp (D:5)
  An ooze (D:1)
  An adder skeleton (D:4)
  2 worms
  6 dart slugs
  4 leopard geckos
  7 orcs
  8 bats
  9 giant cockroaches
  5 goblins
  3 hobgoblins
  6 kobolds
  A quokka (D:3)
  A ball python (D:3)
  A ball python skeleton (D:5)
  4 frilled lizards
  8 rats
92 creatures vanquished.

Notes
Turn   | Place    | Note
-------+----------+-------------------------------------------
     0 | D:1      | Minion the Troll Transmuter began the quest for the Orb.
     0 | D:1      | Reached XP level 1. HP: 18/18 MP: 1/1
    56 | D:1      | Reached skill level 2 in Transmutations
    56 | D:1      | Reached XP level 2. HP: 26/26 MP: 2/2
   197 | D:1      | Reached XP level 3. HP: 32/32 MP: 3/3
   580 | D:2      | Reached skill level 3 in Transmutations
   610 | D:2      | Noticed Terence
   623 | D:2      | Killed Terence
   623 | D:2      | Reached XP level 4. HP: 31/40 MP: 4/4
   666 | D:2      | Found a deep blue altar of Sif Muna.
   696 | D:2      | Became a worshipper of Sif Muna the Loreminder
   809 | D:2      | Noticed Sigmund
   831 | D:2      | Killed Sigmund
   831 | D:2      | Reached skill level 4 in Transmutations
   831 | D:2      | Reached XP level 5. HP: 12/46 MP: 5/5
  1536 | D:3      | Reached XP level 6. HP: 54/54 MP: 6/6
  1822 | D:3      | Reached * piety under Sif Muna
  1838 | D:3      | Reached skill level 5 in Transmutations
  2111 | D:4      | Learned a level 3 spell: Spider Form
  2292 | D:4      | Found a staircase to the Ecumenical Temple.
  2364 | D:4      | Found a burning altar of Makhleb.
  2416 | D:4      | Found Naifya's Assorted Antiques.
  2568 | D:4      | Reached XP level 7. HP: 61/61 MP: 9/9
  2622 | D:5      | Entered Level 5 of the Dungeon
  2654 | D:5      | Got a translucent spear
  2655 | D:5      | Identified the +8 spear of Corporal Punishment {freeze, rC+ MR- Dex+3} (You found it on level 5 of the Dungeon)
  2759 | D:5      | Noticed Duvessa
  2762 | D:5      | Noticed Dowan
  2773 | D:5      | Killed Duvessa
  2779 | D:5      | Killed Dowan
  2779 | D:5      | Reached ** piety under Sif Muna
  2991 | D:5      | Found a sacrificial altar of Ru.
  3013 | D:5      | Reached skill level 1 in Polearms
  3089 | D:5      | Reached XP level 8. HP: 68/68 MP: 13/13
  3158 | D:5      | Noticed Grinder
  3165 | D:5      | Found a blossoming altar of Fedhas.
  3166 | D:5      | Noticed Edmund
  3199 | D:5      | Slain by Edmund

Skill      XL: |  1  2  3  4  5  6  7 |
---------------+----------------------+-----
Transmutations | 2 3 4 5 |  5.0
Spellcasting   | 2 4 |  4.0
Polearms       | 2 |  2.6
Fighting       | |  0.7
Dodging        | |  1.5
Unarmed Combat | |  3.0

Action                   |  1- 3 |  4- 6 |  7- 9 || total
-------------------------+-------+-------+-------++-------
Melee: Unarmed           |    78 |   157 |    13 ||   248
       Punch             |       |     1 |     2 ||     3
       Spear             |       |       |    85 ||    85
 Cast: Spider Form       |       |     1 |       ||     1
 Stab: Sleeping          |       |     1 |       ||     1
  Eat: Chunk             |     9 |    15 |    11 ||    35
Armor: Robe              |    32 |    33 |    11 ||    76
Dodge: Dodged            |    41 |    88 |    36 ||   165
